 Dungeon Crawl Stone Soup version 0.22.1-6-g1668fe2c40 (webtiles) character file.

35616 NoAnimeNoLife the Basher (level 13, -4/98 HPs)
             Began as a Demonspawn Fighter on Jan 22, 2019.
             Was the Champion of Okawaru.
             Slain by a spiny frog (10 damage)
             ... on level 5 of the Lair of Beasts.
             The game lasted 00:48:03 (18591 turns).

NoAnimeNoLife the Basher (Demonspawn Fighter)      Turns: 18591, Time: 00:48:04

Health: -4/98      AC: 26    Str: 23    XL:     13   Next: 48%
Magic:  20/20      EV: 13    Int: 11    God:    Okawaru [******]
Gold:   1362       SH:  0    Dex: 20    Spells: 12/12 levels left

rFire    . . .     SeeInvis .   Q - +7 mace of Variability {chain chaos}
rCold    + + .     Gourm    .   (shield currently unavailable)
rNeg     . . .     Faith    .   H - +1 plate armour {rC+}
rPois    .         Spirit   .   s - +2 helmet
rElec    .         Reflect  .   j - +2 cloak
rCorr    .         Harm     .   M - +0 pair of gloves {Dex+3}
MR       .....                  (no boots)
Stlth    ..........             q - amulet of Zeopniba {Regen+ Str+4}
HPRegen  0.66/turn              g - +3 ring of strength
MPRegen  0.17/turn              L - +4 ring of protection

@: lethally poisoned (-4 -> -6), very slightly contaminated
A: hooves 2, cold resistance 1, demonic guardian 1, sturdy frame 2
a: Heroism, Finesse, Renounce Religion


You were on level 5 of the Lair of Beasts.
You worshipped Okawaru.
Okawaru was exalted by your worship.
You were not hungry.

You visited 3 branches of the dungeon, and saw 17 of its levels.

You collected 1362 gold pieces.

Inventory:

Hand Weapons
 G - a +4 flail
 Q - the +7 mace of Variability (weapon) {chain chaos}
   (You found it on level 3 of the Lair of Beasts)

   Each time it hits an enemy it has a different, random effect.
Armour
 j - a +2 cloak (worn)
 s - a +2 helmet (worn)
 H - a +1 plate armour of cold resistance (worn)
 M - a +0 pair of gloves of dexterity (worn)
 W - a scarf of cloud immunity
Jewellery
 g - a +3 ring of strength (left hand)
 q - the amulet of Zeopniba (around neck) {Regen+ Str+4}
   (You acquired it on level 9 of the Dungeon)

   [amulet of regeneration]

   It affects your strength (+4).
   It increases your rate of regeneration.
 r - an uncursed ring of positive energy
 J - an uncursed ring of resist corrosion
 L - a +4 ring of protection (right hand)
 V - an uncursed ring of see invisible
Wands
 b - a wand of digging (13)
 y - a wand of paralysis (18)
 z - a wand of scattershot (2)
 C - a wand of polymorph (24)
 S - a wand of disintegration (11)
 U - a wand of enslavement (15)
Scrolls
 a - 3 scrolls of fear
 k - 6 scrolls of enchant weapon
 n - 6 scrolls of remove curse
 o - 5 scrolls of blinking
 v - 3 scrolls of magic mapping
 w - a scroll of identify
 E - 6 scrolls of teleportation
 F - a scroll of noise
 O - a scroll of enchant armour
 T - a scroll of holy word
Potions
 d - 3 potions of might
 e - 4 potions of cancellation
 h - 4 potions of lignification
 l - a potion of heal wounds
 m - 2 potions of invisibility
 p - 3 potions of agility
 t - 10 potions of curing
 u - 2 potions of brilliance
 A - 5 potions of flight
 B - a potion of magic
 N - 4 potions of haste
 R - a potion of berserk rage
Miscellaneous
 P - a phial of floods
Comestibles
 f - 32 rations
 x - a chunk of flesh


   Skills:
 + Level 8.2 Fighting
 + Level 14.2 Maces & Flails
 + Level 8.1 Armour
 + Level 7.3 Dodging
   Level 7.6 Shields
 - Level 9.7 Invocations


You had 12 spell levels left.
You didn't know any spells.
Your spell library contained the following spells:

 Spells                   Type           Power        Failure   Level  Hunger
 Animate Skeleton         Necr           N/A          86%         1    ##.....
 Apportation              Tloc           #.....       86%         1    ##.....
 Confusing Touch          Hex            #.....       86%         1    ##.....
 Summon Small Mammal      Summ           #...         86%         1    ##.....
 Confuse                  Hex            #.......     99%         3    ####...
 Gell's Gravitas          Tloc           #.........   99%         3    ####...
 Petrify                  Tmut/Erth      #.......     100%        4    #####..
 Metabolic Englaciation   Hex/Ice        #.........   100%        5    ######.
 Yara's Violent Unravell  Hex/Tmut       #.........   100%        5    ######.


Dungeon Overview and Level Annotations

Branches:
Dungeon (11/15)            Temple (1/1) D:4            Lair (5/6) D:11
  Swamp (0/4) Lair:2        Snake (0/4) Lair:4          Orc (0/2) D:9
  Slime: Lair:5-6

Altars:
Ashenzari
Cheibriados
Dithmenos
Elyvilon
Fedhas
Gozag
Hepliaklqana
Kikubaaqudgha
Makhleb
Nemelex Xobeh
Okawaru
Qazlal
Ru
Sif Muna
Trog
Uskayaw
Vehumet
Wu Jian
Xom
Yredelemnul
Zin
The Shining One

Shops:
D:6 =

Annotations:
D:10 exclusion: oklob plant
D:11 exclusion: orange crystal statue
Lair:5 exclusion: oklob plant


Innate Abilities, Weirdness & Mutations

You have hoof-like feet.
Your flesh is cold resistant. (rC+)
A weak demonic guardian rushes to your aid.
Your movements are less encumbered by armour. (ER -4)


Message History

Okawaru accepts your kill.
Your white imp barely misses the spiny frog.
Your white imp hits the spiny frog but does no damage.
The dream sheep bites your white imp!
Your white imp barely misses the spiny frog.
Your white imp gestures at the spiny frog.
The puff of frost hits the spiny frog.
The dream sheep shake their wool and sparkle.
You feel drowsy...
You fall asleep.
The komodo dragon bites your white imp!!
Your white imp dies!
Something bites the plant!
The spiny frog stings you!!
You wake up.
* * * LOW HITPOINT WARNING * * *
You are lethally poisoned!
The spiny frog poisons you! The dream sheep misses you.
You feel much better.
You feel sick. The spiny frog stings you!
* * * LOW HITPOINT WARNING * * *
The dream sheep misses you. The spiny frog stings you!
You die...

P#.....##........................
!.........†......................
.......#.#.#........#............
........###.........†............
........#.#........#.............
.......##....).."...............#
.......P..Y..................#..P
.!..%....P..l........P.#.##...#..
.......###..Y.YF@.?.....####.####
.....l.###.....Y........# ###
....Y..#.#.............##
.....Y.##..............##
......Y#.............#..#
....####...........###.## ...=#
##.........####..# .....
#P.......### #...## ..###
#.......#.# #...P#


You could see a komodo dragon, a spiny frog and 4 dream sheep.

Vanquished Creatures
  Erica (D:11)
  The ghost of haesbaert the Basher, a novice HOFi of Elyvilon (D:9)
  A two-headed ogre (D:8)
  7 death yaks (D:11)
  2 ugly things
  A cyclops (D:11)
  3 elephants
  3 black mambas
  A centaur zombie (D:11)
  A torpor snail (Lair:1)
  6 spiny frogs
  9 rime drakes
  3 komodo dragons
  3 trolls
  A bog body (Lair:2)
  3 blink frogs (Lair:5)
  2 dream sheep (Lair:5)
  4 hippogriffs
  A spriggan (D:8)
  2 wyverns
  28 yaks
  9 steam dragons
  3 swamp worms (Lair:2)
  An insubstantial wisp (D:8)
  4 nagas (Lair:4)
  7 porcupines
  5 sky beasts
  9 water moccasins
  3 black bears
  An eye of draining (D:8)
  4 ice beasts
  2 phantoms
  10 orc warriors
  8 wolves
  A necrophage (D:7)
  3 centaurs
  8 ogres
  5 crocodiles
  5 big kobolds
  14 bullfrogs
  Blork the orc (D:5)
  4 gnoll sergeants
  A water moccasin zombie (D:8)
  3 scorpions
  6 wights
  4 killer bees (D:9)
  An electric eel (Lair:2)
  4 crimson imps
  A quasit (D:7)
  A bullfrog zombie (D:9)
  8 hounds
  3 jellies
  6 orc priests
  A bullfrog skeleton (D:5)
  A centaur skeleton (D:7)
  6 orc wizards
  Crazy Yiuf (D:2)
  A gnoll shaman (D:2)
  3 iguanas
  Ijyb (D:5)
  6 worker ants
  Robin (D:2)
  A hound skeleton (D:10)
  2 worker ant zombies
  11 gnolls
  14 adders
  2 shadow imps
  An ooze (D:1)
  An adder skeleton (D:4)
  An adder zombie (D:8)
  3 worms
  2 dart slugs (D:1)
  5 leopard geckos
  38 orcs
  6 giant cockroaches
  12 goblins
  6 hobgoblins
  5 jackals
  4 quokkas
  3 ball pythons
  10 bats
  5 frilled lizards
  A giant cockroach zombie (D:6)
  A jackal skeleton (D:6)
  28 kobolds
  2 quokka skeletons (D:5)
  6 rats
419 creatures vanquished.

Vanquished Creatures (collateral kills)
  2 hydras (Lair:1)
  A spiny frog (Lair:1)
  A gargoyle (D:10)
  A komodo dragon (Lair:1)
  A wyvern (D:9)
  4 yaks
  A hungry ghost (D:7)
  An insubstantial wisp (D:8)
  A naga (Lair:4)
  A porcupine (Lair:1)
  A sky beast (D:8)
  A bullfrog (Lair:5)
  A killer bee (D:9)
  A crimson imp (D:11)
  An orc priest (D:7)
  An orc wizard (D:6)
  A leopard gecko (D:6)
  4 orcs
25 creatures vanquished.

Vanquished Creatures (others)
  A plant (D:4)
1 creature vanquished.

Grand Total: 445 creatures vanquished

Notes
Turn   | Place    | Note
-------+----------+-------------------------------------------
     0 | D:1      | NoAnimeNoLife the Demonspawn Fighter began the quest for
                  | the Orb.
     0 | D:1      | Reached XP level 1. HP: 18/18 MP: 1/1
    54 | D:1      | Reached skill level 2 in Maces & Flails
   170 | D:1      | Found a shattered altar of Ashenzari.
   178 | D:1      | Gained mutation: You have large cloven feet. [demonic
                  | ancestry]
   178 | D:1      | Reached XP level 2. HP: 22/24 MP: 2/2
   396 | D:1      | Reached skill level 3 in Maces & Flails
   429 | D:1      | Reached XP level 3. HP: 29/29 MP: 3/3
   743 | D:2      | Reached skill level 4 in Maces & Flails
   743 | D:2      | Gained mutation: You have hoof-like feet. [demonic
                  | ancestry]
   743 | D:2      | Reached XP level 4. HP: 11/35 MP: 4/4
  1287 | D:2      | Found a shimmering altar of Xom.
  1287 | D:2      | Found a shimmering altar of Xom.
  1288 | D:2      | Found a shimmering altar of Xom.
  1289 | D:2      | Found a shimmering altar of Xom.
  1289 | D:2      | Found a shimmering altar of Xom.
  1289 | D:2      | Found a shimmering altar of Xom.
  1411 | D:2      | Found a runed door.
  1482 | D:2      | Noticed Robin
  1507 | D:2      | Killed Robin
  1507 | D:2      | Reached XP level 5. HP: 19/41 MP: 5/5
  1756 | D:2      | Noticed Crazy Yiuf
  1763 | D:2      | Killed Crazy Yiuf
  2095 | D:3      | Reached skill level 1 in Dodging
  3177 | D:4      | Gained mutation: A weak demonic guardian rushes to your
                  | aid. [demonic ancestry]
  3177 | D:4      | Reached XP level 6. HP: 20/47 MP: 6/6
  3184 | D:5      | Entered Level 5 of the Dungeon
  3614 | D:4      | Noticed an orc warrior
  3639 | D:3      | Reached skill level 5 in Maces & Flails
  3876 | D:3      | Killed an orc warrior
  4247 | D:4      | Gained mutation: Your movements are slightly less
                  | encumbered by armour. (ER -2) [demonic ancestry]
  4247 | D:4      | Reached XP level 7. HP: 52/52 MP: 7/7
  4258 | D:4      | Reached skill level 6 in Maces & Flails
  4303 | D:4      | Found a staircase to the Ecumenical Temple.
  4514 | Temple   | Entered the Ecumenical Temple
  4679 | Temple   | Became a worshipper of Warmaster Okawaru
  5309 | D:5      | Reached skill level 7 in Maces & Flails
  5724 | D:5      | Noticed Ijyb
  5732 | D:5      | Killed Ijyb
  5732 | D:5      | Reached XP level 8. HP: 58/58 MP: 8/8
  5804 | D:5      | Noticed Blork the orc
  5815 | D:5      | Killed Blork the orc
  5815 | D:5      | Reached * piety under Okawaru
  5847 | D:5      | Reached skill level 8 in Maces & Flails
  6716 | D:6      | Found Vige's Jewellery Boutique.
  6772 | D:6      | Reached skill level 9 in Maces & Flails
  7107 | D:6      | Reached ** piety under Okawaru
  7679 | D:7      | Reached skill level 10 in Maces & Flails
  7773 | D:7      | Reached skill level 1 in Invocations
  7773 | D:7      | Reached XP level 9. HP: 63/63 MP: 9/9
  7989 | D:7      | Reached *** piety under Okawaru
  8430 | D:8      | Reached skill level 5 in Invocations
  8787 | D:8      | Reached skill level 11 in Maces & Flails
  8823 | D:8      | Noticed a brown ugly thing
  8837 | D:8      | Killed a brown ugly thing
  8839 | D:8      | Reached **** piety under Okawaru
  8957 | D:8      | Reached XP level 10. HP: 26/69 MP: 15/15
  9199 | D:8      | Noticed a two-headed ogre
  9215 | D:8      | Killed a two-headed ogre
  9891 | D:9      | Found a runed door.
  9891 | D:9      | Noticed haesbaert's ghost (novice HOFi)
 10301 | D:8      | Reached skill level 12 in Maces & Flails
 10916 | D:9      | Reached ***** piety under Okawaru
 11227 | D:9      | Found an ornate altar of the Wu Jian Council.
 11278 | D:9      | Found a staircase to the Orcish Mines.
 12498 | D:10     | Entered Level 10 of the Dungeon
 12782 | D:9      | Reached XP level 11. HP: 42/74 MP: 18/18
 12791 | D:9      | Killed haesbaert's ghost
 12791 | D:9      | Received a gift from Okawaru
 12791 | D:9      | Reached skill level 5 in Armour
 12791 | D:9      | Reached skill level 5 in Shields
 12948 | D:9      | Identified a scroll of acquirement
 12954 | D:9      | Got a wavering crystal amulet
 12955 | D:9      | Identified the amulet of Zeopniba {Regen+ Str+4} (You
                  | acquired it on level 9 of the Dungeon)
 13057 | D:10     | You fall through a shaft!
 13057 | D:11     | Found a staircase to the Lair.
 13057 | D:11     | Noticed a death yak
 13057 | D:11     | Noticed a death yak
 13060 | D:11     | Noticed a death yak
 13063 | D:11     | Noticed a death yak
 13064 | D:11     | Noticed a death yak
 13064 | D:11     | Noticed a death yak
 13076 | D:11     | Killed a death yak
 13076 | D:11     | Noticed a death yak
 13080 | D:11     | Killed a death yak
 13092 | D:11     | Killed a death yak
 13104 | D:11     | Killed a death yak
 13113 | D:11     | Killed a death yak
 13123 | D:11     | Killed a death yak
 13123 | D:11     | Reached skill level 13 in Maces & Flails
 13136 | D:11     | Killed a death yak
 13260 | D:11     | Paralysed by a kobold for 7 turns
 13414 | D:11     | Noticed a white ugly thing
 13425 | D:11     | Killed a white ugly thing
 13454 | D:11     | Noticed Erica
 13466 | D:11     | Killed Erica
 13466 | D:11     | Received a gift from Okawaru
 13466 | D:11     | Gained mutation: Your movements are less encumbered by
                  | armour. (ER -4) [demonic ancestry]
 13466 | D:11     | Reached XP level 12. HP: 67/81 MP: 19/19
 14315 | D:10     | Found an ancient bone altar of Kikubaaqudgha.
 14499 | Lair:1   | Entered Level 1 of the Lair of Beasts
 14639 | Lair:1   | Received a gift from Okawaru
 14776 | Lair:1   | Noticed a five-headed hydra
 14808 | Lair:1   | Killed a five-headed hydra
 14871 | Lair:1   | Reached skill level 5 in Fighting
 15364 | Lair:1   | Reached skill level 5 in Dodging
 15367 | Lair:1   | Noticed a seven-headed hydra
 15376 | Lair:1   | Killed a seven-headed hydra
 15376 | Lair:1   | Reached skill level 14 in Maces & Flails
 16183 | Lair:2   | Found a staircase to the Swamp.
 16435 | Lair:2   | Gained mutation: Your flesh is cold resistant. (rC+)
                  | [demonic ancestry]
 16435 | Lair:2   | Reached XP level 13. HP: 96/96 MP: 20/20
 16440 | Lair:2   | Reached ****** piety under Okawaru
 16746 | Lair:3   | Received a gift from Okawaru
 17215 | Lair:3   | Found the +7 mace of Variability {chain chaos}
 17300 | Lair:3   | Got a twisted cloak
 17311 | Lair:3   | Identified the cursed +0 cloak of Sism {-Tele Str+3 Dex+4}
                  | (You found it on level 3 of the Lair of Beasts)
 17466 | Lair:3   | Received a gift from Okawaru
 17961 | Lair:4   | Found a staircase to the Snake Pit.
 18508 | Lair:5   | Got a dazzling ring mail
 18519 | Lair:5   | Identified the +1 ring mail of the Game of Life {-Tele rC++
                  | rN++} (You found it on level 5 of the Lair of Beasts)
 18590 | Lair:5   | HP: 1/98 [spiny frog (25)]
 18591 | Lair:5   | Slain by a spiny frog

Skill      XL: |  1  2  3  4  5  6  7  8  9 10 11 12 13 |
---------------+----------------------------------------+-----
Maces & Flails | 2 3 4 5 7 10 11 12 13 14 | 14.2
Armour         | 3 4 7 8 |  8.1
Dodging        | 1 2 6 7 |  7.3
Shields        | 3 4 7 |  7.6
Invocations    | 1 7 9 |  9.7
Fighting       | 7 8 |  8.2

Action                   |  1- 3 |  4- 6 |  7- 9 | 10-12 | 13-15 || total
-------------------------+-------+-------+-------+-------+-------++-------
Melee: Flail             |   118 |   164 |    35 |   791 |    88 ||  1196
       Kick              |    16 |    43 |   127 |   365 |    76 ||   627
       Mace              |       |    10 |   329 |       |       ||   339
       Unarmed           |       |       |    19 |       |       ||    19
       Great mace        |       |       |       |       |    79 ||    79
Invok: Heroism           |       |       |       |     4 |       ||     4
       Finesse           |       |       |       |     1 |       ||     1
Evoke: Wand              |       |       |     1 |     3 |       ||     4
       Phial of floods   |       |       |       |     1 |       ||     1
  Use: Scroll            |     3 |     3 |    10 |    12 |     4 ||    32
       Potion            |       |     2 |     2 |     2 |     1 ||     7
 Stab: Distracted        |       |       |     4 |     8 |       ||    12
       Confused          |       |       |       |       |     1 ||     1
       Paralysed         |       |       |       |       |     1 ||     1
  Eat: Chunk             |       |     8 |    13 |    21 |     4 ||    46
       Ration            |       |     1 |     1 |     1 |     1 ||     4
Armor: Scale mail        |    57 |    80 |    40 |       |       ||   177
       Ring mail         |       |       |    88 |    37 |       ||   125
       Plate armour      |       |       |       |   268 |   122 ||   390
Dodge: Dodged            |    37 |    46 |    99 |   174 |    99 ||   455
Block: Shield            |    57 |   104 |   171 |   379 |    66 ||   777
